 Dungeon Crawl Stone Soup version 0.20-a0-1116-gaa52201 (webtiles) character file.

191 esteth the Insei (level 5, -2/33 HPs)
             Began as an Octopode Transmuter on May 8, 2017.
             Slain by an orc
             ... wielding a +0 hand axe
              (3 damage)
             ... on level 4 of the Dungeon.
             The game lasted 00:07:28 (3371 turns).

esteth the Insei (Octopode Transmuter)              Turns: 3371, Time: 00:07:29

Health: -2/33      AC:  1    Str:  9    XL:     5   Next: 70%
Magic:  3/8        EV: 13    Int: 17    God:
Gold:   75         SH:  0    Dex: 12    Spells: 5/8 levels left

rFire    . . .     SeeInvis +     - Unarmed
rCold    . . .     Gourm    .   (no shield)
rNeg     . . .     Faith    .   (helmet restricted)
rPois    .         Spirit   .   (no amulet)
rElec    .         Reflect  .   e - ring of see invisible
rCorr    .         Harm     .   (no ring)
MR       .....                  (no ring)
Stlth    ++........             (no ring)
Regen    0.2/turn               (no ring)
MPRegen  0.2/turn               (no ring)
                                (no ring)
                                (no ring)

@: no status effects
A: almost no armour, stealthy swim, amphibious, 8 rings, constrict 8, camouflage
1, gelatinous body 1
a: no special abilities


You were on level 4 of the Dungeon.
You were not hungry.

You visited 1 branch of the dungeon, and saw 4 of its levels.

You collected 75 gold pieces.

Inventory:

Missiles
 a - 20 arrows (quivered)
Jewellery
 e - a ring of see invisible (left tentacle)
Scrolls
 f - a scroll of recharging {unknown}
 g - 11 scrolls of identify
 h - 2 scrolls of fear {unknown}
 i - a scroll of enchant weapon {unknown}
 j - a scroll of immolation {unknown}
 k - 5 scrolls of remove curse {unknown}
 l - 2 scrolls of blinking {unknown}
Potions
 d - a potion of agility
 n - a potion of heal wounds
Books
 b - a book of Changes

   Spells                             Type                      Level
   a - Beastly Appendage              Transmutation                1
   b - Sticks to Snakes               Transmutation                2
   c - Spider Form                    Transmutation/Poison         3
   d - Ice Form                       Ice/Transmutation            4
   e - Blade Hands                    Transmutation                5
Comestibles
 c - 3 bread rations
 m - 2 chunks of flesh


   Skills:
 - Level 1.0 Fighting
 - Level 2.0 Dodging
 - Level 4.5 Unarmed Combat
 - Level 2.0 Spellcasting
 + Level 4.5 Transmutations


You had 5 spell levels left.
You knew the following spells:

 Your Spells              Type           Power        Failure   Level  Hunger
a - Beastly Appendage     Tmut           ###...       3%          1    #......
b - Sticks to Snakes      Tmut           ###.....     4%          2    ###....


Dungeon Overview and Level Annotations

Branches:
Dungeon (4/15)
 Temple: D:4-7

Altars:
Gozag
Kikubaaqudgha
Qazlal
Ru
Vehumet
Yredelemnul
The Shining One

Annotations:
D:3 3 exclusions, grindst0ne's ghost, amateur MiBe


Innate Abilities, Weirdness & Mutations

You cannot wear most types of armour.
You are very stealthy in the water. (Stealth+)
You are amphibious.
You can wear up to eight rings at the same time.
You can use your tentacles to constrict eight enemies at once.
Your skin changes colour to match your surroundings (Stealth+).
Your rubbery body absorbs attacks. (AC +1, EV +1)


Message History

The orc wizard gestures wildly while chanting.
The orc wizard blinks!
You tentacle-slap the orc but do no damage.
Your grab misses the orc.
The orc is moderately wounded.
The orc hits you with a hand axe.
Your adder closely misses the orc wizard.
Casting: Sticks to Snakes
Confirm with . or Enter, or press ? or * to list all spells.
You create a snake!
You now have 20 arrows.
The orc hits you with a hand axe.
* * * LOW HITPOINT WARNING * * *
You barely miss the orc. You grab the orc.
The orc is moderately wounded.
You constrict the orc, but do no damage.
The orc wizard points at you and mumbles some strange words.
The magic dart hits you!
* * * LOW HITPOINT WARNING * * *
Your adder bites the orc wizard but does no damage.
The orc hits you with a hand axe.
You die...

.......................
........................
........................
.............[..........
......................#
......................#
.#....##....).).......#
......##.......So.....#
............$...@o...##
.........^.....S))..##
......#..#####.....###
..........####.##....
............##.##..#..
............##.#..####..
.................##### #
.....................#
..............<......#


You could see an orc wizard, an orc, a friendly water moccasin and a friendly
adder.

Vanquished Creatures
  An orc wizard (D:4)
  An orc priest (D:4)
  An iguana (D:4)
  3 adders
  2 oozes
  5 worms
  A dart slug (D:2)
  A leopard gecko (D:1)
  4 orcs (D:4)
  A giant cockroach (D:1)
  2 goblins
  5 hobgoblins
  3 jackals (D:1)
  6 kobolds
  11 bats
  A frilled lizard (D:1)
  5 rats
53 creatures vanquished.

Vanquished Creatures (collateral kills)
  A hound (D:4)
  A hobgoblin (D:3)
  A frilled lizard (D:2)
3 creatures vanquished.

Grand Total: 56 creatures vanquished

Notes
Turn   | Place    | Note
-------+----------+-------------------------------------------
     0 | D:1      | esteth the Octopode Transmuter began the quest for the Orb.
     0 | D:1      | Reached XP level 1. HP: 13/13 MP: 3/3
   154 | D:1      | Reached XP level 2. HP: 18/18 MP: 5/5
   179 | D:1      | Learned a level 2 spell: Sticks to Snakes
   792 | D:1      | Reached XP level 3. HP: 18/23 MP: 6/6
   983 | D:2      | Found an opulent altar of Gozag.
  1359 | D:2      | Found an ancient bone altar of Kikubaaqudgha.
  1359 | D:2      | Found a sacrificial altar of Ru.
  1406 | D:2      | Found a basalt altar of Yredelemnul.
  1770 | D:2      | Found a glowing golden altar of the Shining One.
  2097 | D:2      | Reached XP level 4. HP: 27/28 MP: 4/7
  2399 | D:2      | Found a stormy altar of Qazlal.
  2705 | D:3      | Noticed grindst0ne's ghost (amateur MiBe)
  2779 | D:3      | Found a radiant altar of Vehumet.
  3158 | D:4      | Reached XP level 5. HP: 22/33 MP: 5/8
  3371 | D:4      | HP: 1/33 [orc wizard/magic dart (8)]
  3371 | D:4      | Slain by an orc

Vault maps used:
D:1:      doesnt_arrival_eight_statues
D:2:      lemuel_crystal_altar, lemuel_coloured_pillars_altar,
          grunt_temple_overflow_open, tso_metal_star
D:3:      nicolae_overflow_hidden_temple, first_bread
D:4:      led_sif_book, bloody_trog, old_standard_altar

Skill      XL: |  1  2  3  4  5 |
---------------+----------------+-----
Unarmed Combat | 4 |  4.5
Transmutations | 3 4 |  4.5
Fighting       | |  1.0
Dodging        | |  2.0
Spellcasting   | |  2.0

Action                   |  1- 3 |  4- 6 || total
-------------------------+-------+-------++-------
Melee: Unarmed           |    92 |    71 ||   163
       Constrict         |    24 |    16 ||    40
       Tentacles         |    13 |    13 ||    26
       Punch             |     1 |       ||     1
 Cast: Sticks to Snakes  |     2 |     9 ||    11
  Use: Scroll            |     2 |       ||     2
       Potion            |     2 |       ||     2
 Stab: Sleeping          |     5 |     4 ||     9
  Eat: Chunk             |     4 |     4 ||     8
Armor: Skin              |    12 |    12 ||    24
Dodge: Dodged            |    65 |    48 ||   113
